 Dungeon Crawl Stone Soup version 0.28-a0-906-g0406aca7d3 (webtiles) character file.

Game seed: 11686138808438948046

188040 vineage the Warrior (level 18, 0/128 HPs)
             Began as a Gargoyle Fighter on Nov 23, 2021.
             Was the Champion of the Shining One.
             Slain by a naga warrior (10 damage)
             ... on level 4 of the Snake Pit.
             The game lasted 01:10:21 (34765 turns).

vineage the Warrior (Gargoyle Fighter)             Turns: 34765, Time: 01:10:22

Health: 0/128      AC: 42    Str: 38    XL:     18   Next: 8%
Magic:  3/25       EV: 11    Int:  9    God:    the Shining One [******]
Gold:   2855       SH: 37    Dex: 25    Spells: 17/17 levels left

rFire   + + .      SeeInvis .   M - +10 broad axe "Wot Ycol" {vorpal, rC- rCorr Dex+10 Stlth-}
rCold   . . .      Faith    .   w - +0 tower shield
rNeg    + + +      Spirit   .   b - +12 chain mail of the Doldrums {rN+ Str+4}
rPois   ∞          Reflect  +   G - -5 helmet of Gluttony {Str+6}
rElec   +          Harm     .   (no cloak)
rCorr   +          Rampage  .   q - +1 pair of gloves
Will    +....      Rage     1%  U - +2 pair of boots
Stlth   .......... Rnd*Tele +   l - amulet of reflection
HPRegen 0.31/turn               T - ring of protection from fire
MPRegen 0.19/turn               k - +6 ring of strength

@: mighty, divinely shielded, resistant, weakened, flying, hasted, glowing, very
quick
A: sickness immunity, AC +13, big wings, negative energy resistance 1,
electricity resistance, torment resistance 1, petrification resistance, berserk
1, teleportitis 1
}: 1/15 runes: serpentine
a: Renounce Religion, Divine Shield, Cleansing Flame, Summon Divine Warrior,
Brand Weapon With Holy Wrath


You were on level 4 of the Snake Pit.
You worshipped the Shining One.
The Shining One was exalted by your worship.
You visited 5 branches of the dungeon, and saw 27 of its levels.
You also visited: Ossuary and Volcano.

You collected 3774 gold pieces.
You spent 919 gold pieces at shops.

Inventory:

Hand Weapons
 m - a +2 whip of electrocution
 K - a +2 whip of flaming
 M - the +10 broad axe "Wot Ycol" (weapon) {vorpal, rC- rCorr Dex+10 Stlth-}
   (You found it on level 1 of the Lair of Beasts)

   It inflicts extra damage upon your enemies.
   Dex:       It affects your dexterity (+10).
   rC:        It makes you vulnerable to cold.
   rCorr:     It protects you from acid and corrosion.
   Stlth:     It makes you less stealthy.
Missiles
 B - 4 throwing nets (quivered)
Armour
 b - the +12 chain mail of the Doldrums (worn) {rN+ Str+4}
   (You bought it in a shop on level 9 of the Dungeon)

   Str:       It affects your strength (+4).
   rN:        It protects you from negative energy.
 q - a +1 pair of gloves (worn)
 w - a +0 tower shield (worn)
 G - the -5 helmet of Gluttony (worn) {Str+6}
   (You found it on level 8 of the Dungeon)

   Str:       It affects your strength (+6).
 J - a +4 plate armour of fire resistance
 U - a +2 pair of boots (worn)
Jewellery
 c - a ring of willpower
 e - a ring of resist corrosion
 f - an amulet of faith
 i - an amulet of the acrobat
 k - a +6 ring of strength (right hand)
 l - an amulet of reflection (around neck)
 F - a +4 ring of protection
 T - a ring of protection from fire (left hand)
 Y - a +4 ring of protection
Wands
 R - a wand of digging (11)
 X - a wand of paralysis (24)
Scrolls
 a - 3 scrolls of identify
 d - 2 scrolls of amnesia
 o - 3 scrolls of silence
 r - 3 scrolls of holy word
 t - 6 scrolls of enchant armour
 x - 3 scrolls of fog
 y - 2 scrolls of fear
 z - 8 scrolls of enchant weapon
 I - 12 scrolls of teleportation
 S - a scroll of blinking
 V - 5 scrolls of magic mapping
Potions
 h - 2 potions of ambrosia
 n - 7 potions of brilliance
 p - 3 potions of lignification
 u - a potion of berserk rage
 v - 2 potions of haste
 A - 2 potions of magic
 H - 3 potions of curing
 N - a potion of cancellation
 O - 2 potions of might
 P - a potion of resistance
Miscellaneous
 j - a piece from Xom's chessboard (15/15)
 Q - a lightning rod (4/4)


   Skills:
 + Level 19.5 Fighting
 + Level 11.6(12.5) Axes
 - Level 8.3(11.5) Maces & Flails
 + Level 16.4 Armour
 + Level 3.5 Dodging
 + Level 16.4 Shields
 + Level 9.4 Invocations


You had 17 spell levels left.
You didn't know any spells.
Your spell library contained the following spells:

 Spells                   Type           Power      Damage    Failure   Level
 Apportation              Tloc           0%         N/A       97%         1
 Foxfire                  Conj/Fire      0%         2x1d4     97%         1
 Pain                     Necr           0%         1d4       97%         1
 Shock                    Conj/Air       0%         1d3       97%         1
 Slow                     Hex            0%         N/A       97%         1
 Summon Small Mammal      Summ           0%         N/A       97%         1
 Corpse Rot               Necr/Air       0%         N/A       99%         2
 Static Discharge         Conj/Air       0%         N/A       99%         2
 Call Canine Familiar     Summ           0%         N/A       100%        3
 Confusing Touch          Hex            0%         N/A       100%        3
 Conjure Flame            Conj/Fire      0%         6-21      100%        3
 Gell's Gravitas          Tloc           0%         N/A       100%        3
 Inner Flame              Hex/Fire       0%         N/A       100%        3
 Lesser Beckoning         Tloc           0%         N/A       100%        3
 Ozocubu's Armour         Ice            0%         N/A       100%        3
 Summon Guardian Golem    Hex/Summ       0%         N/A       100%        3
 Swiftness                Air            0%         N/A       100%        3
 Teleport Other           Tloc           0%         N/A       100%        3
 Vampiric Draining        Necr           0%         2d6       100%        3
 Airstrike                Air            0%         N/A       100%        4
 Dispel Undead            Necr           0%         3d6       100%        4
 Flame Wave               Conj/Fire      0%         3d3       100%        4
 Iskenderun's Mystic Bla  Conj/Tloc      0%         2d3       100%        4
 Passage of Golubria      Tloc           0%         N/A       100%        4
 Petrify                  Tmut/Erth      0%         N/A       100%        4
 Summon Lightning Spire   Summ/Air       0%         N/A       100%        4
 Agony                    Necr           0%         N/A       100%        5
 Alistair's Intoxication  Tmut/Pois      0%         N/A       100%        5
 Excruciating Wounds      Necr           0%         N/A       100%        5
 Irradiate                Conj/Tmut      0%         3d13      100%        5
 Lightning Bolt           Conj/Air       0%         1d11      100%        5
 Metabolic Englaciation   Hex/Ice        0%         N/A       100%        5
 Yara's Violent Unravell  Hex/Tmut       0%         3d3       100%        5
 Death Channel            Necr           0%         N/A       100%        6
 Dispersal                Tloc           0%         N/A       100%        6
 Simulacrum               Ice/Necr       0%         N/A       100%        6
 Summon Cactus Giant      Summ           0%         N/A       100%        6
 Ozocubu's Refrigeration  Ice            0%         4d5       100%        7
 Storm Form               Tmut/Air       0%         N/A       100%        7
 Maxwell's Capacitive Co  Air            0%         ∞         100%        8
 Sublimation of Blood     Necr           Unusable   N/A       N/A         2

Dungeon Overview and Level Annotations

Branches:
Dungeon (14/15)            Temple (1/1) D:4            Lair (6/6) D:10
 Shoals (0/4) Lair:3        Snake (4/4) Lair:3        Slime (0/5) Lair:6
    Orc (2/2) D:9          Vaults (0/5) D:14        Ossuary (visited)
Volcano (visited)
    Elf: Orc:2

Altars:
Ashenzari
Cheibriados
Dithmenos
Elyvilon
Fedhas
Gozag
Hepliaklqana
Kikubaaqudgha
Makhleb
Nemelex Xobeh
Okawaru
Qazlal
Ru
Sif Muna
Trog
Uskayaw
Vehumet
Wu Jian
Xom
Yredelemnul
Zin
The Shining One
Beogh
Jiyva

Shops:
D:3 !   D:6 (   D:9 [   Orc:2 ?*!(:   Snake:1 ?   Snake:4 !*

Portals:
Pandemonium: Orc:2

Annotations:
Lair:4 2 transporters, Som Pofo's ghost, journeyman DDGl
Snake:4 Louise; Saint Roka
Orc:2 3 runed translucent doors, casual's ghost, journeyman GnTm


Innate Abilities, Weirdness & Mutations

You are immune to sickness and miasma.
Your stone body is resilient. (AC +13)
You are immune to poison.
Your large and strong wings let you fly.
You resist negative energy. (rN+)
You are resistant to electric shocks. (rElec)
You are resistant to unholy torment.
You are immune to petrification.
You tend to lose your temper in combat.
You are occasionally teleported next to monsters.


Message History

You reflect the bolt off an invisible shield around you!
The bolt hits the naga sharpshooter.
A naga mage comes into view. It is wielding a +0 spear.
The naga sharpshooter shoots a bolt.
You reflect the bolt off an invisible shield around you!
The bolt hits the naga sharpshooter!!
A naga sharpshooter comes into view.
It is wielding a +0 hand axe of freezing.
A black mamba comes into view.
The naga sharpshooter shoots a bolt.
You reflect the bolt off an invisible shield around you!
The bolt hits the naga sharpshooter!!
The naga sharpshooter unwields a +0 hand axe of freezing.
The naga sharpshooter wields a +0 arbalest.
The naga sharpshooter shoots a bolt.
You reflect the bolt off an invisible shield around you!
The bolt hits the naga sharpshooter!!
The naga mage casts a spell at something.
The naga mage gestures at something while chanting.
The guardian serpent casts a spell at you.
The naga sharpshooter blinks into view!
The naga sharpshooter blinks!
The naga warrior blinks into view! x2; The naga mage blinks!
The naga sharpshooter blinks into view!
You hear an angry hiss.
You slice the naga warrior!!
The naga warrior is heavily wounded.
You slice the naga sharpshooter!!
You kill the naga sharpshooter!
You hit the naga sharpshooter. You barely miss the naga mage.
You slice the naga warrior!! You slice the naga sharpshooter!!
The naga sharpshooter gestures wildly while chanting.
The naga sharpshooter magically shoots a bolt.
You reflect the bolt off an invisible shield around you!
You block the naga mage's attack. x2
The naga mage mumbles some strange words.
The naga mage seems to speed up.
The naga sharpshooter casts a spell.
The naga sharpshooter magically shoots a bolt.
You reflect the bolt off an invisible shield around you!
The naga warrior hits you with a +0 short sword!
You die...

##.## ####N)#
#..## .. ##.#
#...## ..# #...
##...##'## .....
####.##....
#......
###..##'.N..
####...
###§(S..#..# ##8.
##8S.§#.)8N# ...
#NNN§###.@N# ...
#N†####.NNN'.8..'
#§N).###...#....#
##8§..#..8.# ..##
###.....#.. ##
###..##N.S ####
##.S #'


You could see 2 naga warriors, 3 naga sharpshooters, a guardian serpent, a black
mamba (wandering, curare) and 2 naga magi.

Vanquished Creatures
  2 quicksilver dragons (Snake:4)
  Frances (Snake:1)
  2 nagarajas (Snake:2)
  The ghost of vurker the Thaumaturge, a journeyman DgAE (Lair:6)
  Nessos (D:13)
  An ettin (Orc:2)
  2 fire dragons
  10 naga warriors
  Harold (D:7)
  3 salamander tyrants
  6 boulder beetles
  2 demonspawn (Orc:2)
  11 centaur warriors
  12 hydras
  13 anacondas
  2 dancing weapons (D:14)
  4 two-headed ogres
  2 tengu warriors
  6 orc high priests (Orc:2)
  9 death yaks
  A hell hog (Volcano)
  Urug (Lair:6)
  6 naga sharpshooters
  6 shock serpents
  8 skeletal warriors
  A soul eater (Orc:2)
  2 salamander mystics
  A fire crab (Volcano)
  A lindwurm (Lair:6)
  5 naga ritualists
  A swamp dragon (Lair:6)
  Pikel (D:8)
  11 mana vipers
  A wolf spider (D:12)
  5 orc knights
  6 cyclopes
  6 orc sorcerers (Orc:2)
  2 deep elf pyromancers
  11 ugly things
  A merfolk siren (Lair:3)
  9 salamanders
  11 guardian serpents
  16 naga magi
  32 black mambas
  A molten gargoyle (Volcano)
  The ghost of sanka the Chopper, a novice PaAK of Lugonu (D:4)
  A gargoyle (Volcano)
  15 cane toads
  2 rime drakes
  An ice devil (Orc:2)
  3 efreet
  A freezing wraith (D:13)
  14 komodo dragons
  4 tengu conjurers
  3 trolls
  A meliai (D:12)
  3 merfolk (Lair:3)
  3 hornets
  11 polar bears
  35 blink frogs
  2 raiju (Lair:6)
  7 dream sheep
  A centaur simulacrum (D:14)
  6 slime creatures (D:13)
  3 spriggans (Lair:6)
  2 wraiths
  7 wyverns
  A ynoxinul (Orc:2)
  7 fire bats (Volcano)
  Grum (D:10)
  54 yaks
  4 basilisks
  10 vampire mosquitoes
  A neqoxec (Orc:2)
  8 wargs
  4 steam dragons
  2 acid dragons
  21 water moccasins
  32 nagas
  13 hell hounds (Lair:6)
  15 black bears
  3 swamp drakes (Lair:6)
  2 sky beasts
  27 orc warriors
  A boggart (Lair:6)
  7 ogres
  28 wolves
  23 centaurs
  4 lemures (D:8)
  A phantom (D:7)
  11 bullfrogs
  2 gnoll sergeants
  A kobold brigand (D:9)
  2 scorpions (D:4)
  2 water moccasin zombies (D:5)
  23 killer bees
  3 electric eels (Lair:3)
  2 howler monkeys
  9 centaur zombies
  4 lava snakes (Volcano)
  2 hounds
  23 orc priests
  A bullfrog zombie (D:5)
  A bullfrog skeleton (D:6)
  7 iguanas
  2 gnoll shamans (D:9)
  13 orc wizards
  2 scorpion zombies (D:5)
  2 killer bee zombies
  A hound zombie (D:5)
  A howler monkey zombie (D:9)
  4 mummies (Ossuary)
  25 gnolls
  10 adders
  A shadow imp (D:7)
  A white imp (D:8)
  3 worms (D:3)
  3 dart slugs
  65 orcs
  5 endoplasms
  3 giant cockroaches
  6 goblins
  7 hobgoblins
  5 jackals
  4 kobolds
  4 quokkas
  5 ball pythons
  6 bats
  7 frilled lizards
  4 hobgoblin zombies (Ossuary)
  9 rats
923 creatures vanquished.

Vanquished Creatures (collateral kills)
  A nagaraja (Snake:4)
1 creature vanquished.

Vanquished Creatures (others)
  A naga warrior (Snake:3)
  A rime drake (Lair:6)
  29 fungi
  96 plants
127 creatures vanquished.

Grand Total: 1051 creatures vanquished

Notes
Turn   | Place    | Note
-------+----------+-------------------------------------------
     0 | D:1      | vineage the Gargoyle Fighter began the quest for the Orb.
     0 | D:1      | Reached XP level 1. HP: 14/14 MP: 1/1
    41 | D:1      | Reached XP level 2. HP: 3/20 MP: 2/2
   325 | D:1      | Reached skill level 4 in Fighting
   867 | D:1      | Found a faded altar of an unknown god.
  1194 | D:2      | Reached XP level 3. HP: 24/24 MP: 3/3
  1558 | D:2      | Reached skill level 5 in Fighting
  1836 | D:2      | Found a radiant altar of Vehumet.
  1918 | D:2      | Reached XP level 4. HP: 31/31 MP: 4/4
  2432 | D:3      | Reached skill level 6 in Fighting
  2440 | D:3      | Reached XP level 5. HP: 21/36 MP: 5/5
  3185 | D:3      | Found Evo Filo's Distillery.
  3700 | D:4      | Found a staircase to the Ecumenical Temple.
  3725 | Temple   | Entered the Ecumenical Temple
  3931 | D:4      | Reached skill level 7 in Fighting
  3931 | D:4      | Reached XP level 6. HP: 36/44 MP: 6/6
  4766 | D:4      | Reached skill level 8 in Fighting
  5041 | D:4      | Found a runed translucent door.
  5046 | D:4      | Reached XP level 7. HP: 48/50 MP: 7/7
  5056 | D:4      | Noticed sanka's ghost (novice PaAK)
  5141 | D:4      | Killed sanka's ghost
  5142 | D:4      | Reached skill level 9 in Fighting
  5170 | D:5      | Entered Level 5 of the Dungeon
  5197 | D:5      | Reached skill level 10 in Fighting
  5322 | D:5      | Noticed a yak
  5322 | D:5      | Noticed a yak
  5322 | D:5      | Noticed a yak
  5322 | D:5      | Noticed a yak
  5334 | D:4      | Reached XP level 8. HP: 14/57 MP: 8/8
  5621 | D:4      | Killed a yak
  5627 | D:4      | Killed a yak
  5628 | D:4      | Reached skill level 11 in Fighting
  5903 | D:4      | Killed a yak
  6010 | D:4      | Killed a yak
  6015 | D:4      | Reached skill level 12 in Fighting
  6231 | D:5      | Reached XP level 9. HP: 61/65 MP: 9/9
  6321 | D:5      | Found a basalt altar of Yredelemnul.
  7141 | D:6      | Found Itur's Antique Weapon Boutique.
  7198 | D:6      | Found a glowing golden altar of the Shining One.
  7209 | D:6      | Became a worshipper of the Shining One
  7216 | D:6      | Found a bloodstained altar of Trog.
  7634 | D:6      | Reached skill level 5 in Armour
  7634 | D:6      | Reached skill level 5 in Shields
  7948 | D:6      | Found a white marble altar of Elyvilon.
  8059 | D:6      | Identified a scroll of acquirement
  8060 | D:6      | Acquired 325 gold pieces
  8248 | D:7      | Found an ancient bone altar of Kikubaaqudgha.
  8335 | D:7      | Found a sand-covered staircase.
  8339 | Ossuary  | Entered an ossuary
  8348 | Ossuary  | Reached * piety under the Shining One
  8520 | D:7      | Reached XP level 10. HP: 72/72 MP: 10/10
  8530 | D:7      | Noticed a two-headed ogre
  8551 | D:7      | Killed a two-headed ogre
  8552 | D:7      | Reached skill level 13 in Fighting
  8552 | D:7      | Reached skill level 5 in Maces & Flails
  8994 | D:7      | Found a snail-covered altar of Cheibriados.
  9019 | D:7      | Noticed Harold
  9035 | D:7      | Killed Harold
 10084 | D:8      | Reached ** piety under the Shining One
 10088 | D:8      | Noticed Pikel
 10124 | D:8      | Killed Pikel
 10292 | D:8      | Identified the -5 helmet of Gluttony {Str+6}
 10499 | D:9      | Noticed a deep elf pyromancer
 10507 | D:9      | Killed a deep elf pyromancer
 10711 | D:9      | Found a stormy altar of Qazlal.
 10865 | D:9      | Reached XP level 11. HP: 62/79 MP: 11/11
 11105 | D:9      | Found a shadowy altar of Dithmenos.
 11111 | D:9      | Found a hazy altar of Hepliaklqana.
 11191 | D:9      | Found Siawieq's Antique Armour Shop.
 11208 | D:9      | Found an iron altar of Okawaru.
 11218 | D:9      | Found a staircase to the Orcish Mines.
 11573 | D:9      | Found a broken altar of Ashenzari.
 12048 | D:10     | Entered Level 10 of the Dungeon
 12136 | D:9      | Bought a crude chain mail for 332 gold pieces
 12136 | D:9      | Identified the +12 chain mail of the Doldrums {rN+ Str+4}
                  | (You bought it in a shop on level 9 of the Dungeon)
 12164 | D:10     | Found a staircase to the Lair.
 12206 | D:10     | Noticed Grum
 12234 | D:10     | Killed Grum
 12235 | D:10     | Reached skill level 14 in Fighting
 12575 | D:10     | Reached *** piety under the Shining One
 12706 | D:10     | Noticed a two-headed ogre
 12720 | D:10     | Killed a two-headed ogre
 13116 | Lair:1   | Entered Level 1 of the Lair of Beasts
 13555 | Lair:1   | Noticed a six-headed hydra
 13900 | Lair:1   | Killed a six-headed hydra
 14207 | Lair:1   | Reached XP level 12. HP: 81/86 MP: 12/12
 14418 | Lair:1   | Identified the +10 broad axe "Wot Ycol" {vorpal, rC- rCorr
                  | Dex+10 Stlth-}
 14503 | Lair:1   | Reached skill level 1 in Axes
 14968 | Lair:2   | Noticed a four-headed hydra
 14979 | Lair:2   | Killed a five-headed hydra
 14980 | Lair:2   | Reached skill level 15 in Fighting
 14980 | Lair:2   | Reached skill level 10 in Armour
 14980 | Lair:2   | Reached skill level 10 in Shields
 16287 | Lair:3   | Noticed a seven-headed hydra
 16305 | Lair:3   | Killed a seven-headed hydra
 16306 | Lair:3   | Reached XP level 13. HP: 28/92 MP: 9/13
 16453 | Lair:3   | Found a dark tunnel.
 16464 | Volcano  | Entered a volcano
 16778 | Volcano  | Found a bloodstained altar of Trog.
 17029 | Volcano  | Reached skill level 5 in Axes
 17148 | Lair:3   | Identified the +3 hand axe "Plog" {venom, rC++ Int+4}
 17162 | Lair:3   | Found a staircase to the Shoals.
 17359 | Lair:3   | Reached **** piety under the Shining One
 17368 | Lair:3   | Reached skill level 16 in Fighting
 17455 | Lair:3   | Found a staircase to the Snake Pit.
 18376 | Lair:4   | Found a transporter.
 18381 | Lair:4   | Noticed Som Pofo's ghost (journeyman DDGl)
 18400 | Lair:4   | Found a transporter.
 19132 | Lair:4   | Gained mutation: Your large and strong wings let you fly.
                  | [Gargoyle growth]
 19132 | Lair:4   | Reached XP level 14. HP: 91/100 MP: 14/14
 19766 | Lair:5   | You are sucked into a shaft and drop 1 floor!
 19766 | Lair:6   | Entered Level 6 of the Lair of Beasts
 20454 | Lair:5   | Acquired 524 gold pieces
 20622 | Lair:6   | Noticed Urug
 20632 | Lair:6   | Killed Urug
 20751 | Lair:6   | Found a staircase to the Slime Pits.
 20751 | Lair:6   | Found a viscous altar of Jiyva.
 20760 | Lair:6   | Reached skill level 17 in Fighting
 21081 | Lair:6   | Found a runed translucent door.
 21081 | Lair:6   | Noticed vurker's ghost (journeyman DgAE)
 21082 | Lair:6   | Identified the +7 trident of Bodily Harmony {drain, *Slow
                  | rPois Int+9 Dex+4}
 21306 | Lair:6   | Reached ***** piety under the Shining One
 21964 | Lair:6   | Reached XP level 15. HP: 107/107 MP: 15/15
 22458 | Lair:6   | Killed vurker's ghost
 23092 | D:11     | Reached skill level 1 in Invocations
 24565 | D:13     | Identified the +1 ring mail of Tuthotet {rElec rPois rN++
                  | Dex-2}
 24611 | D:13     | Acquired 766 gold pieces
 24697 | D:13     | Reached ****** piety under the Shining One
 25145 | D:13     | Reached skill level 18 in Fighting
 25619 | D:13     | Got the Catalogue of Creative Dislocation
 26003 | D:13     | Noticed Nessos
 26017 | D:13     | Killed Nessos
 26142 | D:13     | Found an ornate altar of the Wu Jian Council.
 26234 | D:13     | The Shining One protects you from harm!
 26492 | D:13     | Reached XP level 16. HP: 98/114 MP: 19/19
 26735 | D:14     | Reached skill level 5 in Invocations
 26741 | D:14     | Found a shimmering altar of Xom.
 27011 | D:14     | Found a gate to the Vaults.
 27448 | D:14     | Reached skill level 10 in Axes
 27792 | D:14     | Reached skill level 15 in Armour
 28082 | Orc:1    | Entered Level 1 of the Orcish Mines
 28099 | Orc:1    | Reached skill level 15 in Shields
 28246 | Orc:2    | Entered Level 2 of the Orcish Mines
 28751 | Orc:2    | Found a runed translucent gate.
 28751 | Orc:2    | Found a runed translucent gate.
 28751 | Orc:2    | Found a runed translucent gate.
 28751 | Orc:2    | Found Oceinuc's Distillery.
 28753 | Orc:2    | Noticed casual's ghost (journeyman GnTm)
 28851 | Orc:2    | Bought 2 potions of might for 88 gold pieces
 28851 | Orc:2    | Bought a potion of might for 44 gold pieces
 28902 | Orc:2    | Found Qyxakem's General Store.
 28925 | Orc:2    | Found Udoapp's Magic Scroll Emporium.
 28970 | Orc:2    | Gained mutation: You tend to lose your temper in combat. [a
                  | neqoxec]
 28974 | Orc:2    | Gained mutation: You are occasionally teleported next to
                  | monsters. [a neqoxec]
 29085 | Orc:2    | Paralysed by an orc sorcerer for 5 turns
 29234 | Orc:2    | Found Yrchin's Antique Weapon Shop.
 29234 | Orc:2    | Found Biavez's Book Boutique.
 29235 | Orc:2    | Found a one-way gate leading to the halls of Pandemonium.
 29282 | Orc:2    | Bought a scroll of teleportation for 30 gold pieces
 29284 | Orc:2    | Bought a scroll of teleportation for 42 gold pieces
 29284 | Orc:2    | Bought a scroll of enchant weapon for 105 gold pieces
 29284 | Orc:2    | Bought a scroll of identify for 28 gold pieces
 29284 | Orc:2    | Bought a scroll of identify for 28 gold pieces
 29284 | Orc:2    | Bought a scroll of teleportation for 42 gold pieces
 29284 | Orc:2    | Bought a scroll of identify for 28 gold pieces
 29284 | Orc:2    | Bought a scroll of teleportation for 42 gold pieces
 29563 | Snake:1  | Entered Level 1 of the Snake Pit
 29782 | Snake:1  | Identified the +11 trident of Hacking and Slashing {flame,
                  | rF++}
 30162 | Snake:1  | Found Doha's Magic Scroll Shop.
 30166 | Snake:1  | Bought a scroll of magic mapping for 35 gold pieces
 30166 | Snake:1  | Bought a scroll of blinking for 75 gold pieces
 30200 | Snake:1  | Noticed Frances
 30213 | Snake:1  | Killed Frances
 30662 | Snake:2  | HP: 3/116 [salamander (8)]
 30851 | Snake:2  | Reached XP level 17. HP: 85/120 MP: 22/22
 31090 | Snake:2  | Reached skill level 19 in Fighting
 31513 | Snake:2  | Found a shimmering blue altar of Sif Muna.
 31586 | Snake:2  | Reached skill level 1 in Dodging
 33032 | Snake:3  | Identified the +0 chain mail "Wasm" {rF- Will+ Str+2}
 33403 | Snake:3  | Found a bloodstained altar of Trog.
 34094 | Snake:4  | Entered Level 4 of the Snake Pit
 34103 | Snake:4  | Identified the +1 scale mail "Hedd" {Rampage Regen+ Dex-3}
 34129 | Snake:4  | Found a burning altar of Makhleb.
 34318 | Snake:4  | Found Itzuir's Distillery.
 34318 | Snake:4  | Found Qasuh's General Store.
 34394 | Snake:4  | Noticed Saint Roka
 34724 | Snake:4  | Noticed a quicksilver dragon
 34724 | Snake:4  | Noticed a quicksilver dragon
 34729 | Snake:4  | Reached XP level 18. HP: 78/128 MP: 7/24
 34735 | Snake:4  | Got a serpentine rune of Zot
 34747 | Snake:4  | Killed a quicksilver dragon
 34754 | Snake:4  | Killed a quicksilver dragon
 34756 | Snake:4  | Noticed Louise
 34765 | Snake:4  | Slain by a naga warrior

Illustrated notes

Levels and vault maps discovered:
D:1:      eino_arrival_water_cross, layout_basic,
          chequers_ecumenical_altar_simple_redux, dk_noncrumbling_4,
          minmay_cut_off
D:2:      layout_basic, basic_altar, serial_bayou_lagoon_a
D:3:      cheibrodos_helix_gallery, layout_loops_corners, serial_shops,
          nicolae_shop_hallway_plus
D:4:      layout_gridville, minmay_temple_entry_offerings,
          gammafunk_ghost_grave, serial_glass, glass_columns_b, glass_columns_a
D:5:      layout_cave_pools, nicolae_yredelemnul_corpse_copse
D:6:      layout_loops_ring, mainiacjoe_overflow_alcove_2,
          mainiacjoe_overflow_boulevard, elyvilon_altar_1, serial_shops,
          nicolae_square_shop
D:7:      cheibrodos_quashed, layout_cave_pods,
          mainiacjoe_overflow_surrounded_room, kennysheep_mini, enter_ossuary_5,
          kennysheep_boxes, uniq_harold
D:8:      layout_rooms, nicolae_fountain_basement, uniq_pikel
D:9:      layout_rooms, riverfiend_overflow_shadow_ancestor,
          mainiacjoe_overflow_paths, general_overflow_altar,
          evilmike_ruin_ashenzari, david_orc_2, nicolae_take_the_stairs
D:10:     layout_roguey, lair_entry_dummy, serial_curves, eino_curves_04,
          eino_curves_01, uniq_grum
D:11:     layout_loops_ring
D:12:     layout_irregular_city, serial_column_ruins, column_ruins_hut_ruined,
          column_ruins_corridor_corner, column_ruins_grid_1,
          column_ruins_open_small
D:13:     minmay_the_grid_triangle_9x9_rhombus_full_mashed
          [minmay_the_grid_triangle_9x9_intruding_spiral,
          minmay_the_grid_triangle_9x9_zippers_horizontal,
          minmay_the_grid_triangle_9x9_zippers_vertical,
          minmay_the_grid_triangle_9x9_alien,
          minmay_the_grid_triangle_9x9_corruption,
          minmay_the_grid_triangle_9x9_cache,
          minmay_the_grid_triangle_9x9_empty,
          minmay_the_grid_triangle_9x9_prize_top_heavy], layout_rooms,
          minmay_misc_feat_x, grunt_decor_resistance, nzn_wu_jian_contemplation,
          uniq_nessos
D:14:     layout_long_grid, erik_vaults_1, hangedman_abyss_or_decor_passed,
          xom_confusion_cloud
Temple:   jpeg_temple_clearing
Lair:1:   layout_cave_pods, grunt_megastairs_2
Lair:2:   layout_roguey
Lair:3:   layout_gridlike, elwin_shoals_entry_stream,
          guppyfry_snake_entry_garden, nicolae_volcano_entry_lava_flow,
          grunt_megastairs_5, serial_bayou_shore_a
Lair:4:   layout_roguey, gammafunk_ghost_berserking_beasts
Lair:5:   layout_hall_layers, grunt_megastairs_4
Lair:6:   hangedman_lair_caniforms_friends, layout_regular_city,
          guppyfry_lair_end_dragon, slime_altar_1, ebering_ghost_funeral_grove,
          uniq_urug
Snake:1:  layout_cave_pods, minmay_shop_star, uniq_frances
Snake:2:  layout_onion, basic_altar, nicolae_snake_scaly_snakehead,
          lemuel_fruit_tree
Snake:3:  layout_cave_town, basic_altar
Snake:4:  hellmonk_snake_rune_quicksilver_temple, layout_basic, basic_altar,
          nrook_guardian_serpent_ordinary, minmay_shoptagon, uniq_louise,
          uniq_saint_roka
Orc:1:    layout_caves, serial_shops, nicolae_shop_bloodbath_and_beyond,
          enter_bailey_5
Orc:2:    pf_orc_diabolical, layout_caves, basic_altar, serial_shops,
          nicolae_shop_hallway_plus, portal_ice_cave_entry_ice_simulacra,
          gammafunk_ghost_fury_of_okawaru, nicolae_orc_lost_temple

Skill      XL: |  1  2  3  4  5  6  7  8  9 10 11 12 13 14 15 16 17 |
---------------+----------------------------------------------------+-----
Fighting       | 4 5 6 7 8 10 12 13 14 15 16 17 18 19 | 19.5
Armour         | 5 7 9 10 12 13 14 15 16 | 16.4
Shields        | 5 7 9 10 12 13 14 15 16 | 16.4
Maces & Flails | 4 6 8 |  8.3
Axes           | 4 6 8 9 10 11 | 11.6
Invocations    | 4 7 9 |  9.4
Dodging        | 3 |  3.5

Action                   |  1- 3 |  4- 6 |  7- 9 | 10-12 | 13-15 | 16-18 || total
-------------------------+-------+-------+-------+-------+-------+-------++-------
Melee: Flail             |   129 |   141 |       |       |       |       ||   270
       Whip              |       |    18 |   350 |   554 |    81 |    24 ||  1027
       Broad axe         |       |       |       |   122 |   761 |   768 ||  1651
Invok: Divine Shield     |       |       |       |     4 |     3 |     9 ||    16
       Cleansing Flame   |       |       |       |       |       |     3 ||     3
       Summon Divine War |       |       |       |       |       |     1 ||     1
  Use: Scroll            |     4 |     7 |     7 |     9 |     8 |    13 ||    48
       Potion            |       |     1 |     2 |     2 |     6 |    16 ||    27
Armor: Scale mail        |    86 |    41 |   189 |    85 |       |       ||   401
       Chain mail        |       |       |       |   236 |   631 |   391 ||  1258
Dodge: Dodged            |    71 |    44 |   133 |   228 |   302 |   191 ||   969
Block: Buckler           |    42 |    83 |   229 |   471 |   764 |   314 ||  1903
       Reflection        |       |       |     1 |     6 |    60 |    86 ||   153
       Tower shield      |       |       |       |       |       |   685 ||   685

Table legend: (Time is in decaauts)
 A = Elapsed time spent in this place.
 B = Non-inter-level travel time spent in this place.
 C = Inter-level travel time spent in this place.
 D = Time resting spent in this place.
 E = Time spent auto-exploring this place.
 F = Levels seen in this place.
 G = Mean time per level.
                   A        B        C        D        E       F      G
               +--------+--------+--------+--------+--------+-----+--------+
         Total |  35037 |  32840 |   2197 |   5043 |  21214 |  29 | 1208.2 |
       Dungeon |  18405 |  17325 |   1080 |   2594 |  11785 |  14 | 1314.6 |
        Temple |    125 |     84 |     41 |      0 |     68 |   1 |  125.0 |
          Lair |   8953 |   8248 |    705 |   1221 |   5309 |   6 | 1492.2 |
     Snake Pit |   5366 |   5173 |    193 |    977 |   3019 |   4 | 1341.5 |
  Orcish Mines |   1402 |   1226 |    176 |     65 |    761 |   2 |  701.0 |
       Ossuary |    141 |    141 |      0 |      0 |     73 |   1 |  141.0 |
       Volcano |    641 |    641 |      0 |    186 |    197 |   1 |  641.0 |
               +--------+--------+--------+--------+--------+-----+--------+

Top non-repeatable levels by time:
 Snake:2: 2470 daAuts
     D:4: 2235 daAuts
  Lair:6: 2204 daAuts
    D:13: 1717 daAuts
     D:9: 1699 daAuts
  Lair:1: 1556 daAuts
  Lair:2: 1466 daAuts
  Lair:3: 1421 daAuts
     D:3: 1390 daAuts
     D:7: 1303 daAuts
    D:14: 1290 daAuts
     D:2: 1285 daAuts
    D:10: 1271 daAuts
    D:12: 1264 daAuts
  Lair:5: 1229 daAuts
